 Dungeon Crawl Stone Soup version 0.27.1-33-g824d729ab1 (webtiles) character file.

Game seed: 7309316129114613557

150631 McKennaii the Scorcher (level 16, 0/118 HPs)
             Began as a Demigod Conjurer on Dec 3, 2021.
             Slain by a +1 war axe of flaming (11 damage)
             ... on level 1 of the Elven Halls.
             The game lasted 01:49:35 (34830 turns).

McKennaii the Scorcher (Demigod Conjurer)          Turns: 34830, Time: 01:49:35

Health: 0/118      AC: 15    Str:  8    XL:     16   Next: 44%
Magic:  1/37       EV: 16    Int: 55    God:
Gold:   138        SH:  0    Dex: 16    Spells: 7/39 levels left

rFire    . . .     SeeInvis .   n - +11 glaive "Vese" {vorpal, rC+ Int+9 Dex+4 Stlth-}
rCold    + + .     Faith    .   (shield currently unavailable)
rNeg     . . .     Spirit   .   Q - +2 troll leather armour {Snorg}
rPois    +         Reflect  .   Z - +1 helmet of the Harvest {rPois rC+}
rElec    .         Harm     .   G - +2 cloak
rCorr    .         Rampage  .   Y - +0 pair of gloves
Will     ++...                  X - +1 pair of boots {Stlth+}
Stlth    ++........             J - amulet of Xoss {RegenMP rPois Regen+}
HPRegen  2.29/turn              h - ring of willpower
MPRegen  0.50/turn              t - +6 ring of intelligence

@: no status effects
A: high mp 1, forlorn
a: no special abilities


You were on level 1 of the Elven Halls.
You visited 4 branches of the dungeon, and saw 24 of its levels.
You also visited: Sewer, Gauntlet and Ice Cave.

You collected 3626 gold pieces.
You spent 3488 gold pieces at shops.

Inventory:

Hand Weapons
 n - the +11 glaive "Vese" (weapon) {vorpal, rC+ Int+9 Dex+4 Stlth-}
   (You found it on level 3 of the Lair of Beasts)

   It inflicts extra damage upon your enemies.
   Int:       It affects your intelligence (+9).
   Dex:       It affects your dexterity (+4).
   rC:        It protects you from cold.
   Stlth:     It makes you less stealthy.
 u - the +6 flail of the Firefly {drain, Will+}
   (You found it on level 4 of the Dungeon)

   A truly terrible weapon, it drains the life of any living foe it strikes.
   Will:      It increases your willpower.
 C - the +10 demon trident "Sennomau" {drain, rC+ Dex+4}
   (You acquired it on level 2 of the Orcish Mines)

   A truly terrible weapon, it drains the life of any living foe it strikes.
   Dex:       It affects your dexterity (+4).
   rC:        It protects you from cold.
Armour
 r - the +1 chain mail "Xavvikits" {rF+++}
   (You found it on level 4 of the Dungeon)

   rF:        It renders you almost immune to fire.
 G - a +2 cloak (worn)
 Q - a +2 troll leather armour (worn) {Snorg}
 X - a +1 pair of boots of stealth (worn)
 Y - a +0 pair of gloves (worn)
 Z - the +1 helmet of the Harvest (worn) {rPois rC+}
   (You found it on level 1 of the Lair of Beasts)

   rC:        It protects you from cold.
   rPois:     It protects you from poison.
Magical Staves
 F - a staff of air
 W - a staff of cold
Jewellery
 a - a ring of wizardry
 g - a ring of fire
 h - a ring of willpower (left hand)
 k - a ring of protection from cold
 t - a +6 ring of intelligence (right hand)
 v - a ring of see invisible
 J - the amulet of Xoss (around neck) {RegenMP rPois Regen+}
   (You took it off a minotaur in a Gauntlet)

   [amulet of magic regeneration]

   It increases your rate of magic regeneration.
   rPois:     It protects you from poison.
   Regen:     It increases your rate of health regeneration.
 N - a ring of flight
 P - a ring of resist corrosion
Wands
 f - a wand of mindburst (16)
 y - a wand of paralysis (9)
 E - a wand of acid (2)
 K - a wand of polymorph (13)
 L - a wand of digging (9)
 V - a wand of iceblast (22)
Scrolls
 b - 9 scrolls of teleportation
 e - 2 scrolls of immolation
 l - 3 scrolls of enchant armour
 p - 7 scrolls of amnesia
 q - 6 scrolls of fog
 s - 5 scrolls of magic mapping
 x - 2 scrolls of identify
 B - 3 scrolls of vulnerability {unknown}
 D - 3 scrolls of silence
 H - a scroll of blinking
 I - a scroll of fear
Potions
 c - 4 potions of brilliance
 d - 2 potions of experience {unknown}
 i - 3 potions of might
 m - 4 potions of mutation
 o - 3 potions of ambrosia
 w - 2 potions of invisibility
 z - 8 potions of flight
 A - 7 potions of curing
 M - 3 potions of magic
 O - 4 potions of heal wounds
 R - 4 potions of haste {unknown}
 S - 3 potions of cancellation {unknown}
 T - a potion of berserk rage {unknown}
 U - 2 potions of resistance


   Skills:
 + Level 4.9 Fighting
 + Level 2.5 Polearms
 - Level 4.0 Armour
 - Level 10.0 Dodging
 - Level 4.0 Stealth
 - Level 12.0 Spellcasting
 - Level 12.0 Conjurations
 - Level 3.0 Translocations
 - Level 15.0 Fire Magic
 - Level 2.0 Ice Magic
 + Level 11.5 Air Magic
 - Level 2.0 Poison Magic


You had 7 spell levels left.
You knew the following spells:

 Your Spells              Type           Power      Damage    Failure   Level
a - Magic Dart            Conj           100%       1d8       0%          1
b - Searing Ray           Conj           100%       3d7       0%          2
c - Iskenderun's Mystic   Conj/Tloc      86%        2d17      1%          4
d - Fireball              Conj/Fire      55%        3d21      1%          5
e - Poisonous Vapours     Pois/Air       100%       N/A       1%          2
f - Freezing Cloud        Conj/Ice/Air   45%        6-21      1%          5
g - Ignition              Fire           57%        3d16      10%         8
s - Lightning Bolt        Conj/Air       52%        1d73      1%          5

Your spell library contained the following spells:

 Spells                   Type           Power      Damage    Failure   Level
 Foxfire                  Conj/Fire      100%       2x1d9     0%          1
 Static Discharge         Conj/Air       100%       N/A       0%          2
 Animate Skeleton         Necr           66%        N/A       1%          1
 Apportation              Tloc           100%       N/A       1%          1
 Corona                   Hex            36%        N/A       1%          1
 Sandblast                Erth           66%        2d15      1%          1
 Summon Small Mammal      Summ           100%       N/A       1%          1
 Blink                    Tloc           N/A        N/A       1%          2
 Corpse Rot               Necr/Air       N/A        N/A       1%          2
 Passwall                 Tmut/Erth      27%        N/A       1%          2
 Dazzling Flash           Conj/Hex       100%       N/A       1%          3
 Frozen Ramparts          Ice            100%       1d12      1%          3
 Ignite Poison            Fire/Tmut/Pois 76%        N/A       1%          3
 Lesser Beckoning         Tloc           30%        N/A       1%          3
 Mephitic Cloud           Conj/Pois/Air  91%        N/A       1%          3
 Portal Projectile        Hex/Tloc       98%        N/A       1%          3
 Spider Form              Tmut/Pois      22%        N/A       1%          3
 Stone Arrow              Conj/Erth      100%       3d13      1%          3
 Airstrike                Air            51%        N/A       1%          4
 Fulminant Prism          Conj/Hex       39%        3d18      1%          4
 Hailstorm                Conj/Ice       83%        3d17      1%          4
 Sticky Flame             Conj/Fire      100%       2d11      1%          4
 Summon Lightning Spire   Summ/Air       77%        N/A       1%          4
 Bolt of Magma            Conj/Fire/Erth 46%        4d19      1%          5
 Irradiate                Conj/Tmut      39%        3d26      1%          5
 Iskenderun's Battlesphe  Conj           100%       2d15      1%          5
 Conjure Ball Lightning   Conj/Air       52%        3x3d18    1%          6
 Starburst                Conj/Fire      55%        6d15      1%          6
 Call Canine Familiar     Summ           33%        N/A       2%          3
 Olgreb's Toxic Radiance  Pois           53%        N/A       3%          4
 Ice Form                 Ice/Tmut       44%        N/A       4%          4
 Summon Ice Beast         Ice/Summ       44%        N/A       4%          4
 Orb of Destruction       Conj           52%        9d16      4%          7
 Manifold Assault         Tloc           60%        N/A       6%          5
 Dispel Undead            Necr           33%        3d14      7%          4
 Leda's Liquefaction      Hex/Erth       16%        N/A       7%          4
 Iron Shot                Conj/Erth      39%        9d8       10%         6
 Alistair's Intoxication  Tmut/Pois      29%        N/A       13%         5
 Blade Hands              Tmut           16%        N/A       21%         5
 Lee's Rapid Deconstruct  Erth           16%        3d11*     21%         5
 Dispersal                Tloc           30%        N/A       32%         6
 Storm Form               Tmut/Air       38%        N/A       50%         7
 Eringya's Noxious Bog    Tmut/Pois      22%        N/A       58%         6
 Invisibility             Hex            16%        N/A       73%         6
 Statue Form              Tmut/Erth      22%        N/A       73%         6
 Malign Gateway           Summ/Tloc      24%        N/A       97%         7
 Dragon Form              Tmut           16%        N/A       99%         7
 Maxwell's Capacitive Co  Air            51%        ∞         38%         8
 Fire Storm               Conj/Fire      55%        8d14      96%         9
 Chain Lightning          Conj/Air       52%        3d69      99%         9
 Disjunction              Tloc           30%        N/A       100%        8
 Summon Horrible Things   Summ           16%        N/A       100%        8
 Shatter                  Erth           16%        3d16*     100%        9


Dungeon Overview and Level Annotations

Branches:
Dungeon (15/15)            Temple (0/1) D:5            Lair (6/6) D:11
  Swamp (0/4) Lair:3       Spider (0/4) Lair:2        Slime (0/5) Lair:6
    Orc (2/2) D:10            Elf (1/3) Orc:2        Vaults (0/5) D:13
 Depths (0/5) D:15          Sewer (visited)           IceCv (visited)
Gauntlet (visited)

Shops:
D:10 [   D:12 *   Orc:1 :[   Orc:2 (*(=


Innate Abilities, Weirdness & Mutations

Your attributes grow dramatically as you level up.
You have an increased reservoir of magic. (+10% MP)
You shall have no god before yourself.


Message History

The +1 war axe of flaming is heavily damaged.
The fire elemental is engulfed in freezing vapours.
The +1 war axe of flaming hits you! The +1 war axe of flaming burns you.
The fire elemental is engulfed in freezing vapours.
You closely miss the +1 war axe of flaming.
The +1 war axe of flaming is heavily damaged.
The +1 war axe of flaming hits you. The +1 war axe of flaming burns you.
The +1 war axe of flaming hits you! The +1 war axe of flaming burns you.
Unknown command.
Casting: Lightning Bolt (safe; 1% risk of failure)
Confirm with . or Enter, or press ? or * to list all spells.
You erupt in a blast of force!
The mystic blast hits the +1 war axe of flaming!
The +1 war axe of flaming is almost destroyed.
The +1 war axe of flaming is knocked back by the mystic blast.
The +1 war axe of flaming collides with the fire elemental!
You destroy the fire elemental!
The fire elemental disappears in a puff of smoke!
You miss the +1 war axe of flaming.
The +1 war axe of flaming is almost destroyed.
The +1 war axe of flaming hits you! The +1 war axe of flaming burns you.
The +1 war axe of flaming hits you. The +1 war axe of flaming burns you.
Unknown command.
You barely miss the +1 war axe of flaming.
The +1 war axe of flaming is almost destroyed.
The +1 war axe of flaming hits you!! The +1 war axe of flaming burns you!
The +1 war axe of flaming hits you! The +1 war axe of flaming burns you.
Unknown command.
Casting: Iskenderun's Mystic Blast (safe; 1% risk of failure)
Confirm with . or Enter, or press ? or * to list all spells.
You erupt in a blast of force!
The mystic blast hits the +1 war axe of flaming but does no damage.
The +1 war axe of flaming is almost destroyed.
The +1 war axe of flaming hits you!!
* * * LOW HITPOINT WARNING * * *
The +1 war axe of flaming burns you!
* * * LOW HITPOINT WARNING * * *
The fire elemental is engulfed in freezing vapours.
The +1 war axe of flaming hits you!
You die...

...............#..#
..............##..#
#...........####..#
#####...########..#
(.................#
..................#
...#############..#
...# #..# ...# #@.#
...# #(.# ...# .#
#..# ...# ..# #..#
...#...+ #..#
...#...# #..#
...+...# #E§#
...#...# #§§#
...#...# #☼○#


You could see a fire elemental (summoned) and a +1 war axe of flaming.

Vanquished Creatures
  Saint Roka (Orc:2)
  Gastronok (D:8)
  2 frost giants (IceCv)
  A stone giant (D:15)
  A minotaur (Gauntlet)
  A white draconian (IceCv)
  Snorg (D:10)
  A rakshasa (D:14)
  Josephine (D:10)
  9 hydras
  2 ice dragons (IceCv)
  2 vault guards (D:13)
  5 boulder beetles
  A catoblepas (Lair:6)
  5 centaur warriors
  4 two-headed ogres
  An ironbound frostheart (IceCv)
  Erica (D:8)
  3 dancing weapons (Elf:1)
  A death knight (D:13)
  Urug (Lair:4)
  9 death yaks
  2 tengu warriors
  9 deep elf knights
  10 skeletal warriors
  A flayed ghost (D:13)
  An orange crystal statue (IceCv)
  8 deep elf pyromancers
  10 orc knights
  3 deep elf archers (Elf:1)
  A wizard (D:15)
  A harpy (D:13)
  7 cyclopes
  A wolf spider (Lair:6)
  7 deep elf zephyrmancers
  3 orc sorcerers (Orc:1)
  4 oklob plants (Lair:2)
  28 ugly things
  9 elephants
  2 manticores
  14 black mambas
  A guardian serpent (Lair:6)
  A torpor snail (Gauntlet)
  22 cane toads
  17 rime drakes
  A yaktaur (D:13)
  3 freezing wraiths (D:14)
  A yaktaur (shapeshifter) (D:13)
  A demonic crawler (Lair:1)
  7 komodo dragons
  2 hornets (Lair:6)
  13 polar bears
  A wolf spider simulacrum (Lair:1)
  4 trolls
  13 blink frogs
  22 slime creatures
  An air elemental (Elf:1)
  A centaur simulacrum (D:14)
  13 wyverns
  A vampire (D:13)
  2 redbacks (Lair:6)
  A dire elephant simulacrum (Lair:1)
  8 wraiths
  54 yaks
  A steam dragon (D:8)
  9 humans (D:13)
  13 basilisks
  5 vampire mosquitoes (Lair:3)
  Menkaure (D:4)
  3 acid dragons
  26 water moccasins
  6 wargs (Orc:2)
  Edmund (D:6)
  A hydra simulacrum (Lair:1)
  3 swamp worms (Gauntlet)
  52 orc warriors
  An ice beast (D:7)
  4 black bears
  5 centaurs
  7 necrophages (Lair:2)
  8 ogres
  6 boggarts
  3 wolves
  A phantom (D:4)
  14 bullfrogs
  A wyvern zombie (D:7)
  A gnoll sergeant (D:6)
  A cane toad simulacrum (Lair:1)
  9 scorpions
  A wyvern skeleton (D:7)
  5 jellies
  8 killer bees
  9 wights
  3 electric eels (Lair:4)
  3 howler monkeys
  2 bullfrog zombies
  6 centaur zombies
  A bullfrog skeleton (D:4)
  13 orc priests
  Crazy Yiuf (D:7)
  3 hounds
  18 orc wizards
  4 hell rats
  A yak simulacrum (Lair:1)
  A killer bee zombie (D:8)
  A hound zombie (D:5)
  A howler monkey zombie (D:11)
  4 gnolls (D:6)
  8 adders
  2 ufetubi
  2 worms
  A dart slug (D:4)
  100 orcs
  16 bats
  5 endoplasms
  10 giant cockroaches
  2 goblins (D:3)
  8 hobgoblins
  8 jackals
  4 kobolds
  5 quokkas
  10 ball pythons
  4 frilled lizards
  5 rats
  A spectral kobold (D:4)
823 creatures vanquished.

Vanquished Creatures (collateral kills)
  2 death yaks (Gauntlet)
2 creatures vanquished.

Vanquished Creatures (others)
  A human (D:13)
  An orc (D:8)
  62 fungi
  168 plants
232 creatures vanquished.

Grand Total: 1057 creatures vanquished

Notes
Turn   | Place    | Note
-------+----------+-------------------------------------------
     0 | D:1      | McKennaii the Demigod Conjurer began the quest for the Orb.
     0 | D:1      | Reached XP level 1. HP: 14/14 MP: 5/5
   270 | D:1      | Reached XP level 2. HP: 6/20 MP: 0/7
  1643 | D:2      | Reached XP level 3. HP: 26/26 MP: 5/9
  2512 | D:3      | Learned a level 2 spell: Searing Ray
  3262 | D:4      | Noticed Menkaure
  3270 | D:4      | Killed Menkaure
  3271 | D:4      | Reached XP level 4. HP: 17/33 MP: 4/11
  3271 | D:4      | Reached XP level 5. HP: 19/38 MP: 4/12
  3426 | D:4      | Noticed an ogre
  3434 | D:4      | Killed an ogre
  3611 | D:4      | Identified the +1 chain mail "Xavvikits" {rF+++}
  3706 | D:4      | Identified the +6 flail of the Firefly {drain, Will+}
  3792 | D:4      | Reached XP level 6. HP: 45/45 MP: 6/14
  3804 | D:4      | Found a glowing drain.
  3813 | Sewer    | Entered a sewer
  3873 | Sewer    | Reached skill level 5 in Conjurations
  3936 | Sewer    | Learned a level 4 spell: Iskenderun's Mystic Blast
  3942 | Sewer    | Learned a level 5 spell: Fireball
  4127 | Sewer    | Identified a scroll of acquirement
  4127 | Sewer    | Acquired 874 gold pieces
  4589 | D:4      | Reached skill level 1 in Translocations
  4589 | D:4      | Reached skill level 1 in Fire Magic
  4622 | D:4      | Reached XP level 7. HP: 50/50 MP: 4/16
  4658 | D:4      | Reached skill level 2 in Fire Magic
  5197 | D:5      | Entered Level 5 of the Dungeon
  5444 | D:5      | Noticed a yak
  5490 | D:5      | Noticed a yak
  5492 | D:5      | Noticed a yak
  5492 | D:5      | Noticed a yak
  5498 | D:5      | Noticed a yak
  5501 | D:5      | Killed a yak
  5503 | D:5      | Killed a yak
  5503 | D:5      | Killed a yak
  5504 | D:5      | Reached skill level 5 in Spellcasting
  5504 | D:5      | Reached skill level 3 in Fire Magic
  5504 | D:5      | Reached XP level 8. HP: 53/57 MP: 11/19
  5509 | D:5      | Reached skill level 4 in Fire Magic
  5733 | D:5      | Found a staircase to the Ecumenical Temple.
  5941 | D:5      | Reached skill level 5 in Fire Magic
  6567 | D:6      | Reached skill level 1 in Fighting
  6611 | D:6      | Reached XP level 9. HP: 58/67 MP: 14/20
  6989 | D:6      | Noticed Edmund
  6996 | D:6      | Killed Edmund
  7763 | D:7      | Noticed a two-headed ogre
  7781 | D:7      | Killed a two-headed ogre
  7910 | D:7      | Learned a level 2 spell: Poisonous Vapours
  8194 | D:7      | Found a runed translucent door.
  8195 | D:7      | Noticed Crazy Yiuf
  8254 | D:7      | Reached skill level 6 in Fire Magic
  8766 | D:7      | Killed Crazy Yiuf
  8925 | D:8      | Noticed Erica
  8935 | D:8      | Killed Erica
  8936 | D:8      | Reached skill level 5 in Dodging
  8936 | D:8      | Reached XP level 10. HP: 58/78 MP: 7/21
  9176 | D:8      | Noticed Gastronok
  9778 | D:8      | Killed Gastronok
  9779 | D:8      | Reached skill level 7 in Fire Magic
 10169 | D:9      | Reached skill level 10 in Conjurations
 10173 | D:8      | Reached skill level 8 in Fire Magic
 10757 | D:10     | Entered Level 10 of the Dungeon
 10836 | D:10     | Found Gorocwoo's Armour Boutique.
 10836 | D:10     | Found a staircase to the Orcish Mines.
 11083 | D:10     | Noticed Snorg
 11094 | D:10     | Killed Snorg
 11095 | D:10     | Reached XP level 11. HP: 80/84 MP: 4/25
 11288 | D:10     | Noticed a deep elf pyromancer
 11293 | D:10     | Killed a deep elf pyromancer
 11296 | D:10     | Noticed a tengu warrior
 11704 | D:10     | Reached skill level 1 in Poison Magic
 11706 | D:10     | Noticed Josephine
 11710 | D:10     | Killed Josephine
 12424 | D:10     | Killed a tengu warrior
 12540 | D:11     | You fall into a shaft and drop 1 floor!
 12608 | D:12     | Reached skill level 9 in Fire Magic
 12830 | D:12     | Found a gate leading to a gauntlet.
 12839 | Gauntlet | Entered a Gauntlet
 12839 | Gauntlet | Found a transporter.
 12839 | Gauntlet | Found a transporter.
 12843 | Gauntlet | Found a transporter.
 12845 | Gauntlet | Found a transporter.
 12851 | Gauntlet | Found a transporter.
 12851 | Gauntlet | Found a transporter.
 12856 | Gauntlet | Found a transporter.
 12857 | Gauntlet | Found a transporter.
 12858 | Gauntlet | Found a transporter.
 12865 | Gauntlet | Noticed a death yak
 12866 | Gauntlet | Noticed a death yak
 12866 | Gauntlet | Noticed a death yak
 12866 | Gauntlet | Noticed a death yak
 12866 | Gauntlet | Noticed a death yak
 12868 | Gauntlet | Found a transporter.
 12868 | Gauntlet | Noticed a wretched star
 12877 | Gauntlet | Found a transporter.
 13001 | Gauntlet | Found a transporter.
 13143 | Gauntlet | Identified the amulet "Mozxuivu" {RegenMP rPois}
 13240 | Gauntlet | Killed a death yak
 13244 | Gauntlet | Killed a death yak
 13249 | Gauntlet | Killed a death yak
 13253 | Gauntlet | Killed a death yak
 13254 | Gauntlet | Reached skill level 10 in Fire Magic
 13254 | Gauntlet | Reached XP level 12. HP: 58/91 MP: 1/29
 13271 | Gauntlet | Identified the ring of Bueli {*Corrode rN+ Str+5}
 13343 | Gauntlet | Identified the amulet of Xoss {RegenMP rPois Regen+}
 13343 | Gauntlet | Noticed a minotaur
 13365 | Gauntlet | Killed a minotaur
 13380 | Gauntlet | Identified the +1 robe of Negation {rPois}
 13438 | D:12     | Learned a level 5 spell: Freezing Cloud
 13593 | D:12     | Reached skill level 1 in Armour
 13593 | D:12     | Reached skill level 1 in Ice Magic
 13593 | D:12     | Reached skill level 1 in Air Magic
 13659 | D:12     | Found Raph's Serpentskin Sales.
 13663 | D:12     | Bought the Disquisition on Intoxication for 832 gold pieces
 13704 | D:12     | Noticed an eight-headed hydra
 13714 | D:12     | Killed an eight-headed hydra
 13715 | D:12     | Reached skill level 10 in Spellcasting
 14116 | D:13     | Noticed a six-headed hydra
 14119 | D:13     | Killed a six-headed hydra
 14147 | D:13     | Noticed a centaur warrior
 14149 | D:13     | Killed a centaur warrior
 14429 | D:11     | Noticed a six-headed hydra
 14433 | D:11     | Killed a six-headed hydra
 14623 | D:11     | Reached skill level 11 in Fire Magic
 14684 | D:11     | Found a staircase to the Lair.
 15236 | D:13     | Noticed a vault guard
 15236 | D:13     | Noticed a vault guard
 15239 | D:13     | Killed a vault guard
 15241 | D:13     | Killed a vault guard
 15307 | D:13     | Found a gate to the Vaults.
 15427 | D:13     | Reached XP level 13. HP: 24/96 MP: 16/31
 15496 | D:13     | Reached skill level 12 in Fire Magic
 15737 | D:13     | Learned a level 5 spell: Lightning Bolt
 16002 | D:13     | Reached skill level 13 in Fire Magic
 16801 | D:14     | Found a frozen archway.
 16850 | D:14     | Reached skill level 5 in Air Magic
 17209 | IceCv    | Entered an ice cave
 17845 | IceCv    | Reached skill level 14 in Fire Magic
 17929 | IceCv    | Reached XP level 14. HP: 92/104 MP: 5/32
 18430 | IceCv    | Noticed a frost giant
 18431 | IceCv    | Noticed a frost giant
 18662 | IceCv    | Killed a frost giant
 18819 | IceCv    | Killed a frost giant
 18982 | IceCv    | Identified the +10 dagger "Eluelase" {pain, rC+ Stlth+}
 19984 | D:15     | Entered Level 15 of the Dungeon
 20316 | D:15     | Found a staircase to the Depths.
 20926 | D:15     | Learned a level 8 spell: Ignition
 21338 | Lair:1   | Entered Level 1 of the Lair of Beasts
 21363 | Lair:1   | Found a transporter.
 21957 | Lair:1   | Found a transporter.
 22314 | Lair:1   | Identified the +5 leather armour of Gaon Yth {Rampage rF+
                  | rC- Int+3}
 22315 | Lair:1   | Identified the +1 helmet of the Harvest {rPois rC+}
 22432 | Lair:2   | Found a hole to the Spider Nest.
 22855 | Lair:2   | Reached XP level 15. HP: 110/110 MP: 5/34
 23929 | Lair:3   | Found a staircase to the Swamp.
 24195 | Lair:3   | Reached skill level 15 in Fire Magic
 24761 | Lair:3   | Identified the +11 glaive "Vese" {vorpal, rC+ Int+9 Dex+4
                  | Stlth-}
 25831 | Lair:4   | Noticed Urug
 25833 | Lair:4   | Killed Urug
 26176 | Lair:4   | Reached skill level 10 in Dodging
 28628 | Lair:6   | Entered Level 6 of the Lair of Beasts
 29060 | Lair:6   | Found a staircase to the Slime Pits.
 30781 | Orc:1    | Entered Level 1 of the Orcish Mines
 30872 | Orc:1    | Found Lypizak's Book Shop.
 30879 | Orc:1    | Found Ykaevyki's Antique Armour Emporium.
 30894 | Orc:1    | Bought the Almanac of the Rocks for 506 gold pieces
 30894 | Orc:1    | Bought a Grand Grimoire for 374 gold pieces
 30894 | Orc:1    | Bought a Trismegistus Codex for 308 gold pieces
 30894 | Orc:1    | Bought a book of Transfigurations for 440 gold pieces
 30894 | Orc:1    | Bought a book of the Hunter for 286 gold pieces
 32177 | Orc:2    | Entered Level 2 of the Orcish Mines
 32378 | Orc:2    | Reached XP level 16. HP: 116/116 MP: 1/37
 32502 | Orc:2    | Acquired the Reference Book on the Excruciating Snowflakes
 32504 | Orc:2    | Acquired the +10 demon trident "Sennomau" {drain, rC+
                  | Dex+4}
 32506 | Orc:2    | Acquired McKennaii's Catalogue of Confrontation
 32822 | Orc:2    | Reached skill level 10 in Air Magic
 33062 | Orc:2    | Found a staircase to the Elven Halls.
 33589 | Orc:2    | Noticed Saint Roka
 33838 | Orc:2    | Found Wugiewo's Jewellery Shoppe.
 33838 | Orc:2    | Found Luog's Weapon Shop.
 33899 | Orc:2    | Killed Saint Roka
 34330 | Orc:2    | Found Culit's Weapon Shop.
 34330 | Orc:2    | Found Ykkeje's Assorted Antiques.
 34344 | Orc:2    | Bought a scroll of teleportation for 99 gold pieces
 34344 | Orc:2    | Bought a scroll of teleportation for 99 gold pieces
 34344 | Orc:2    | Bought a potion of curing for 99 gold pieces
 34344 | Orc:2    | Bought a scroll of identify for 66 gold pieces
 34344 | Orc:2    | Bought a scroll of magic mapping for 115 gold pieces
 34344 | Orc:2    | Bought a potion of mutation for 264 gold pieces
 34410 | Elf:1    | Entered Level 1 of the Elven Halls
 34621 | Elf:1    | Reached skill level 1 in Polearms
 34624 | Elf:1    | Paralysed by an air elemental for 1 turns
 34628 | Elf:1    | Paralysed by an air elemental for 1 turns
 34830 | Elf:1    | Slain by a +1 war axe of flaming

Illustrated notes

Levels and vault maps discovered:
D:1:      minmay_arrival_checkered_box, layout_basic, patterned_corridor
D:2:      layout_loops_ring, shapermc_ecumenical_altar_venn, basic_altar,
          item_on_display_a
D:3:      layout_loops_ring, mainiacjoe_overflow_24_doors
D:4:      minmay_bubble_buster, layout_rooms,
          nicolae_hepliaklqana_monster_ancestors, serial_bayou,
          serial_bayou_pond_e, serial_bayou_crossing, serial_bayou_lake_a,
          serial_bayou_lagoon_b, portal_sewer_entry_a,
          hangedman_abyss_or_decor_slice, uniq_menkaure
D:5:      layout_basic, minmay_temple_entry_poolview, minivault_5
D:6:      layout_gridville, nicolae_dithmenos_shadow_blocks, uniq_edmund
D:7:      layout_basic, mainiacjoe_overflow_alcove_4, xom_teletrap_fun,
          mrwooster_statue_mirror, uniq_crazy_yiuf_cottage
D:8:      layout_loops_ring, uniq_erica, uniq_gastronok
D:9:      layout_small_grid
D:10:     hangedman_cross_stitches, layout_basic, lemuel_round_altar,
          orc_david_3, special_room [special_room_orc], due_unseen_surprise,
          uniq_snorg, uniq_josephine
D:11:     layout_roguey, david_lair_generic
D:12:     layout_loops_cross, gauntlet_entry_generic, guppyfry_shop_venom
D:13:     minmay_the_grid_four_pointed_star
          [minmay_the_grid_triangle_9x9_corrupted_corridor,
          minmay_the_grid_triangle_9x9_warning,
          minmay_the_grid_triangle_9x9_cache,
          minmay_the_grid_triangle_9x9_minimal,
          minmay_the_grid_prize_four_corners], layout_long_grid,
          ximxim_vaults_locker_room, okawaru_trees_2
D:14:     layout_loops_ring, nicolae_ru_the_path_less_chosen,
          portal_ice_cave_entry_frozen_things
D:15:     grunt_enter_depths_giant_problem, layout_loops_ring,
          minmay_misc_feat_doors
Lair:1:   gammafunk_cloud_chamber, layout_chaotic_city
Lair:2:   minmay_lair_oklob_tunnel, layout_regular_city,
          nicolae_spider_entry_non_spiders, chequers_serial_rivers_small_3,
          roderic_carrion_pond, lemuel_fruit_tree
Lair:3:   layout_layer_cave, minmay_swamp_entry_swarm, minivault_25
Lair:4:   layout_layer_cave, serial_bayou, serial_bayou_pond_a,
          serial_bayou_shore_a, serial_bayou_lagoon_a, serial_bayou_shore_b,
          minivault_26, grunt_megastairs_5, infiniplex_staircase_pool, uniq_urug
Lair:5:   layout_loops_ring
Lair:6:   hangedman_lair_tendril_chambers, layout_cave_pods,
          dpeg_slime_entry_corner, lemuel_fruit_fields
Orc:1:    layout_diamond_mine, serial_shops, nicolae_square_shop, shop,
          minmay_orc_keep
Orc:2:    st_orc_town, layout_diamond_mine, nicolae_orc_tapped_out,
          uniq_saint_roka
Elf:1:    eino_elf_arrival_shootout, layout_onion_city, serial_shops, shop,
          portal_desolation_entry_nicolae_nacl, minivault_28

Skill      XL: |  1  2  3  4  5  6  7  8  9 10 11 12 13 14 15 16 |
---------------+-------------------------------------------------+-----
Stealth        | 2 3 4 |  4.0
Spellcasting   | 2 3 4 5 6 9 10 11 12 | 12.0
Conjurations   | 4 5 6 8 9 10 12 | 12.0
Translocations | 1 2 3 |  3.0
Fire Magic     | 1 3 5 6 8 10 11 14 15 | 15.0
Dodging        | 2 5 6 9 10 | 10.0
Fighting       | 1 4 |  4.9
Poison Magic   | 2 |  2.0
Armour         | 4 |  4.0
Ice Magic      | 2 |  2.0
Air Magic      | 2 6 8 9 11 | 11.5
Polearms       | 2 |  2.5

Action                   |  1- 3 |  4- 6 |  7- 9 | 10-12 | 13-15 | 16-18 || total
-------------------------+-------+-------+-------+-------+-------+-------++-------
Melee: Unarmed           |    25 |       |       |       |       |       ||    25
       Flail             |       |     1 |       |    29 |    78 |       ||   108
       Staff             |       |       |       |       |    45 |    16 ||    61
       Glaive            |       |       |       |       |    32 |    15 ||    47
 Cast: Magic Dart        |   119 |    68 |   140 |   127 |     9 |     2 ||   465
       Searing Ray       |       |     9 |    47 |    62 |    18 |     2 ||   138
       Iskenderun's Myst |       |       |     7 |    69 |    79 |    16 ||   171
       Fireball          |       |       |       |    61 |   114 |     7 ||   182
       Poisonous Vapours |       |       |       |     6 |     6 |       ||    12
       Freezing Cloud    |       |       |       |     3 |    13 |     7 ||    23
       Lightning Bolt    |       |       |       |       |   575 |   132 ||   707
       Ignition          |       |       |       |       |       |     2 ||     2
Evoke: Wand              |       |       |       |       |     7 |       ||     7
  Use: Scroll            |       |     6 |     3 |     2 |    20 |     4 ||    35
       Potion            |       |       |       |     2 |     1 |       ||     3
 Stab: Petrified         |       |       |       |       |     4 |       ||     4
       Petrifying        |       |       |       |       |     1 |       ||     1
Armor: Robe              |    11 |       |    11 |    29 |       |       ||    51
       Troll leather arm |       |       |       |    47 |   173 |    16 ||   236
Dodge: Dodged            |    45 |    10 |    43 |   117 |   275 |    45 ||   535
